 Dungeon Crawl Stone Soup version 0.27.0-1-g7a089689b8 (webtiles) character file.

Game seed: 6798936034966747473

560 wakim the Charlatan (level 7, -12/52 HPs)
             Began as a Gnoll Artificer on Aug 12, 2021.
             Was an Initiate of Cheibriados.
             Mangled by Duvessa (15 damage)
             ... on level 4 of the Dungeon.
             The game lasted 00:11:28 (5826 turns).

wakim the Charlatan (Gnoll Artificer)               Turns: 5826, Time: 00:11:29

Health: -12/52     AC:  8    Str: 13    XL:     7   Next: 31%
Magic:  10/10      EV: 10    Int: 13    God:    Cheibriados [......]
Gold:   129        SH:  0    Dex: 13    Spells: 10/10 levels left

rFire    . . .     SeeInvis .   a - +2 dagger (venom)
rCold    . . .     Faith    .   (no shield)
rNeg     . . .     Spirit   .   n - +0 scale mail
rPois    .         Reflect  .   (no helmet)
rElec    .         Harm     .   k - +0 cloak
rCorr    .         Rampage  .   (no gloves)
Will     .....                  (no boots)
Stlth    +.........             l - amulet of magic regeneration
HPRegen  0.17/turn              (no ring)
MPRegen  0.37/turn              (no ring)

@: very slow
A: fangs 1, strong nose, distributed training
a: Renounce Religion, Bend Time


You were on level 4 of the Dungeon.
You worshipped Cheibriados.
Cheibriados was noncommittal.
You visited 2 branches of the dungeon, and saw 6 of its levels.

You collected 129 gold pieces.

Inventory:

Hand Weapons
 a - a +2 dagger of venom (weapon)
 b - a +0 vampiric whip
Missiles
 j - 4 atropa-tipped darts
 o - 10 poisoned darts
Armour
 k - a +0 cloak (worn)
 n - a +0 scale mail (worn)
Jewellery
 l - an amulet of magic regeneration (around neck)
 p - a ring of fire
Wands
 v - a wand of flame (27) (quivered)
 x - a wand of charming (20)
Scrolls
 T - 2 scrolls of teleportation
Potions
 g - a potion of degeneration {unknown}
 h - a potion of lignification {unknown}
 i - a potion of heal wounds {unknown}
 G - 2 potions of flight
Miscellaneous
 s - a tin of tremorstones (2/2)


   Skills:
 + Level 3.5 Fighting
 + Level 2.4 Short Blades
 + Level 2.4 Long Blades
 + Level 2.4 Axes
 + Level 2.4 Maces & Flails
 + Level 2.4 Polearms
 + Level 2.4 Staves
 + Level 2.4 Slings
 + Level 2.4 Bows
 + Level 2.4 Crossbows
 + Level 2.4 Throwing
 + Level 5.2 Armour
 + Level 3.5 Dodging
 + Level 3.4 Stealth
 + Level 2.4 Shields
 + Level 2.4 Unarmed Combat
 + Level 2.4 Spellcasting
 + Level 2.0 Conjurations
 + Level 2.0 Hexes
 + Level 2.0 Summonings
 + Level 2.0 Necromancy
 + Level 2.0 Translocations
 + Level 2.0 Transmutations
 + Level 2.0 Fire Magic
 + Level 2.0 Ice Magic
 + Level 2.0 Air Magic
 + Level 2.0 Earth Magic
 + Level 2.0 Poison Magic
 + Level 2.6 Invocations
 + Level 7.0 Evocations


You had 10 spell levels left.
You didn't know any spells.
Your spell library contained the following spells:

 Spells                   Type           Power      Damage    Failure   Level
 Magic Dart               Conj           24%        1d4       41%         1
 Call Imp                 Summ           6%         N/A       54%         2
 Static Discharge         Conj/Air       6%         N/A       54%         2
 Sublimation of Blood     Necr           3%         N/A       54%         2
 Wereblood                Tmut           6%         N/A       54%         2
 Mephitic Cloud           Conj/Pois/Air  6%         N/A       78%         3
 Lightning Bolt           Conj/Air       3%         1d14      100%        5
 Summon Hydra             Summ           3%         N/A       100%        7
 Maxwell's Capacitive Co  Air            3%         ∞         100%        8


Dungeon Overview and Level Annotations

Branches:
Dungeon (5/15)             Temple (1/1) D:5

Altars:
Ashenzari
Cheibriados
Gozag
Hepliaklqana
Makhleb
Qazlal
Sif Muna
Uskayaw
Zin

Shops:
D:2 *   D:5 *

Annotations:
D:3 3 runed translucent doors, goblinbird's ghost, amateur MfGl
D:4 2 transporters, Duvessa; Skimidon's ghost, amateur GnIE


Innate Abilities, Weirdness & Mutations

You have very sharp teeth.
Your uncanny sense of smell can sniff out nearby items.
Your experience applies equally to all skills.


Message History

Press: ? - help, Shift-Dir - straight line, f - Dowan
Aim: Dowan, wielding a +0 dagger and wearing a +0 robe (chance to affect: 67%) Dowan is charmed.
Duvessa hits Dowan with a +0 rapier!
Dowan hits Duvessa but does no damage.
Duvessa hits Dowan with a +0 rapier.
Dowan hits Duvessa with a +0 dagger.
You swap places.
Duvessa hits you with a +0 rapier! Duvessa closely misses you.
You hit Duvessa but do no damage.
Duvessa is lightly wounded.
Duvessa hits you with a +0 rapier.
You hit Duvessa.
Duvessa is poisoned.
Duvessa is lightly wounded.
Duvessa hits you with a +0 rapier.
You hit Duvessa but do no damage.
Duvessa looks as sick as possible!
Duvessa is lightly wounded.
You swap places.
Duvessa hits Dowan with a +0 rapier!
Dowan dies!
Duvessa screams in horror.
Duvessa goes berserk!
You hit Duvessa but do no damage.
Duvessa looks as sick as possible!
Duvessa is moderately wounded.
Duvessa hits you with a +0 rapier!
Unknown command.
Okay, then.
Okay, then.
Aiming: Throw Flame
Press: ? - help, Shift-Dir - straight line, f - Duvessa
Aim: Duvessa, wielding a +0 rapier and wearing a +0 chain mail (moderately wounded, berserk, extremely poisoned, 84% to hit)
The puff of flame hits Duvessa!
Duvessa is moderately wounded.
Duvessa hits you with a +0 rapier!
* * * LOW HITPOINT WARNING * * *
Aiming: Throw Flame
Press: ? - help, Shift-Dir - straight line, f/p - Duvessa
Aim: Duvessa, wielding a +0 rapier and wearing a +0 chain mail (moderately wounded, berserk, extremely poisoned, 84% to hit)
The puff of flame hits Duvessa.
Duvessa is moderately wounded.
Duvessa hits you with a +0 rapier!
* * * LOW HITPOINT WARNING * * *
Duvessa hits you with a +0 rapier!
You die...

#..................###.###.
#####...####.##............
##### #.##.##..#.###..
#)##.##..#.###..
###.##.#..........
#..)##.#..##.###.#
#.####.#.)##.# #.# #.#
#.#..##.###<# #@#
#............ #e#
###.....####. #.# ##.#....#
#. #.# #.......###. #.#
##........##. #.#
#.......)..#. #.#
#.#.......... #.#
#............ #.#
##..........§


You could see Duvessa (berserk, extremely poisoned).

Vanquished Creatures
  A black bear (D:4)
  A scorpion (D:4)
  A bullfrog zombie (D:5)
  2 hounds
  A centaur skeleton (D:4)
  2 orc wizards (D:4)
  Natasha (thrice) (D:2)
  3 gnolls (D:2)
  5 adders
  A dart slug (D:4)
  6 orcs
  6 ball pythons
  9 endoplasms
  4 giant cockroaches
  5 goblins
  4 hobgoblins
  10 jackals
  4 kobolds
  6 quokkas
  4 bats
  A frilled lizard (D:2)
  4 rats
83 creatures vanquished.

Vanquished Creatures (others)
  Dowan (D:4)
  10 plants (D:3)
11 creatures vanquished.

Grand Total: 94 creatures vanquished

Notes
Turn   | Place    | Note
-------+----------+-------------------------------------------
     0 | D:1      | wakim the Gnoll Artificer began the quest for the Orb.
     0 | D:1      | Reached XP level 1. HP: 17/17 MP: 1/1
   318 | D:1      | Reached XP level 2. HP: 10/23 MP: 2/2
  1064 | D:1      | Found a faded altar of an unknown god.
  1528 | D:1      | Reached XP level 3. HP: 6/28 MP: 2/4
  1779 | D:2      | Reached skill level 1 in Invocations
  1983 | D:2      | Reached skill level 1 in Short Blades
  1983 | D:2      | Reached skill level 1 in Long Blades
  1983 | D:2      | Reached skill level 1 in Axes
  1983 | D:2      | Reached skill level 1 in Maces & Flails
  1983 | D:2      | Reached skill level 1 in Polearms
  1983 | D:2      | Reached skill level 1 in Staves
  1983 | D:2      | Reached skill level 1 in Slings
  1983 | D:2      | Reached skill level 1 in Bows
  1983 | D:2      | Reached skill level 1 in Crossbows
  1983 | D:2      | Reached skill level 1 in Throwing
  1983 | D:2      | Reached skill level 1 in Shields
  1983 | D:2      | Reached skill level 1 in Unarmed Combat
  1983 | D:2      | Reached skill level 1 in Spellcasting
  1983 | D:2      | Reached XP level 4. HP: 29/34 MP: 5/5
  2513 | D:2      | Reached skill level 1 in Conjurations
  2513 | D:2      | Reached skill level 1 in Hexes
  2513 | D:2      | Reached skill level 1 in Summonings
  2513 | D:2      | Reached skill level 1 in Necromancy
  2513 | D:2      | Reached skill level 1 in Translocations
  2513 | D:2      | Reached skill level 1 in Transmutations
  2513 | D:2      | Reached skill level 1 in Fire Magic
  2513 | D:2      | Reached skill level 1 in Ice Magic
  2513 | D:2      | Reached skill level 1 in Air Magic
  2513 | D:2      | Reached skill level 1 in Earth Magic
  2513 | D:2      | Reached skill level 1 in Poison Magic
  2706 | D:2      | Found Irikhio's General Store.
  2990 | D:3      | Noticed Natasha
  3001 | D:2      | Killed Natasha
  3002 | D:2      | Reached XP level 5. HP: 10/40 MP: 6/6
  3064 | D:2      | Noticed Natasha
  3066 | D:2      | Killed Natasha
  3293 | D:2      | Noticed Natasha
  3305 | D:2      | Killed Natasha
  3491 | D:3      | Found a runed translucent gate.
  3492 | D:3      | Found a runed translucent gate.
  3492 | D:3      | Found an opulent altar of Gozag.
  3493 | D:3      | Found a runed translucent gate.
  3509 | D:3      | Noticed goblinbird's ghost (amateur MfGl)
  4457 | D:4      | Reached XP level 6. HP: 39/47 MP: 8/8
  4649 | D:4      | Reached skill level 5 in Armour
  4829 | D:4      | Noticed Skimidon's ghost (amateur GnIE)
  4833 | D:4      | Found a transporter.
  4839 | D:4      | Found a transporter.
  4962 | D:4      | You fall into a shaft and drop 1 floor!
  4962 | D:5      | Entered Level 5 of the Dungeon
  4962 | D:5      | Found Dassueri's Overcharged Wands.
  5090 | D:5      | Found a staircase to the Ecumenical Temple.
  5104 | Temple   | Entered the Ecumenical Temple
  5127 | Temple   | Became a worshipper of Cheibriados the Contemplative
  5169 | D:5      | Reached XP level 7. HP: 29/52 MP: 10/10
  5359 | D:4      | Reached skill level 7 in Evocations
  5614 | D:4      | Found an opulent altar of Gozag.
  5809 | D:4      | Noticed Dowan
  5812 | D:4      | Noticed Duvessa
  5823 | D:4      | Your ally died
  5826 | D:4      | Mangled by Duvessa

Illustrated notes

Levels and vault maps discovered:
D:1:      dpeg_arrival_arbitrary_a, layout_rooms,
          shapermc_ecumenical_altar_pompeii, minmay_misc_feat_columns,
          chequers_serial_rivers_micro_b
D:2:      layout_rooms, serial_shops, shop, grunt_ministairs_4
D:3:      minmay_evil_eye, layout_rooms, ebering_ghost_gozag,
          serial_bayou_pond_c, minivault_5, uniq_natasha
D:4:      layout_loops_ring, mainiacjoe_overflow_alcove_2,
          gammafunk_ghost_arena, sigmund_army, uniq_duvessa
D:5:      layout_cave_pools, minmay_temple_entry_large_hall,
          nicolae_shop_overcharged_wands
Temple:   eino_temple_scatter_basement

Skill      XL: |  1  2  3  4  5  6  7 |
---------------+----------------------+-----
Invocations    | 1 2 |  2.6
Short Blades   | 1 2 |  2.4
Long Blades    | 1 2 |  2.4
Axes           | 1 2 |  2.4
Maces & Flails | 1 2 |  2.4
Polearms       | 1 2 |  2.4
Staves         | 1 2 |  2.4
Slings         | 1 2 |  2.4
Bows           | 1 2 |  2.4
Crossbows      | 1 2 |  2.4
Throwing       | 1 2 |  2.4
Shields        | 1 2 |  2.4
Unarmed Combat | 1 2 |  2.4
Spellcasting   | 1 2 |  2.4
Conjurations   | 1 2 |  2.0
Hexes          | 1 2 |  2.0
Summonings     | 1 2 |  2.0
Necromancy     | 1 2 |  2.0
Translocations | 1 2 |  2.0
Transmutations | 1 2 |  2.0
Fire Magic     | 1 2 |  2.0
Ice Magic      | 1 2 |  2.0
Air Magic      | 1 2 |  2.0
Earth Magic    | 1 2 |  2.0
Poison Magic   | 1 2 |  2.0
Fighting       | 3 |  3.5
Dodging        | 3 |  3.5
Stealth        | 3 |  3.4
Armour         | 5 |  5.2
Evocations     | 7 |  7.0

Action                   |  1- 3 |  4- 6 |  7- 9 || total
-------------------------+-------+-------+-------++-------
Melee: Hand axe          |    94 |       |       ||    94
       Club              |     6 |       |       ||     6
       Bite              |    10 |    28 |     2 ||    40
       Dagger            |     9 |   119 |    25 ||   153
       Whip              |       |   128 |       ||   128
       Punch             |       |     1 |       ||     1
Evoke: Wand              |     3 |     2 |     6 ||    11
  Use: Scroll            |     2 |     4 |     3 ||     9
       Potion            |     1 |       |       ||     1
 Stab: Sleeping          |     2 |       |       ||     2
Armor: Leather armour    |    36 |    27 |       ||    63
       Scale mail        |       |    75 |    15 ||    90
Dodge: Dodged            |    95 |   120 |    18 ||   233
